Map: Overgrown Facility

Players

Korevil - Winner!

  • Race: Zerg Zerg
  • League: Diamond
  • Spawn Location: 7:00

Adversity - Winner!

  • Race: Terran Terran
  • Spawn Location: 9:00

SHIVERED

  • Race: Terran Terran
  • League: Diamond
  • Spawn Location: 3:00

Green

  • Race: Protoss Protoss
  • League: Diamond
  • Spawn Location: 1:00

VOD

Have the link to the VOD?

Description

Time

  • Played on: July 12, 2018, 3:47 p.m.
  • Length: 4:06
Show
View Real Time Build Order
Export as new Build Order

Korevil Zerg - Winner!

Build Orders: Hatch First 

Get SALT Encoding   

  12  0:01  Drone  
  13  0:13  Overlord  
  13  0:18  Drone  
  14  0:31  Drone x2  
  14  0:35  Drone  
  17  0:57  Hatchery  
  17  0:58  Drone  
  17  1:01  Drone  
  18  1:04  Extractor  
  17  1:19  Spawning Pool  
  17  1:22  Drone  
  17  1:25  Drone  
  18  1:30  Drone  
  19  1:39  Overlord  
  19  2:05  Queen, Zergling x4  
  23  2:09  Queen  
  23  2:14  Metabolic Boost  
  27  2:22  Zergling x4  
  27  2:27  Zergling x2  
  28  2:36  Zergling x6  
  31  2:44  Baneling Nest  
  31  2:50  Zergling x4  
  32  2:53  Overlord  
  32  2:59  Zergling x2  
  32  3:03  Drone  
  34  3:06  Zergling x2  
  35  3:14  Zergling x2  
  35  3:15  Zergling x2  
  37  3:20  Overlord  
  35  3:30  Zergling x10  
  35  3:34  Zergling x2  
  40  3:43  Zergling x2  
  40  3:44  Zergling x2  
  39  3:48  Zergling x6  
Show
View Real Time Build Order
Export as new Build Order

Adversity Terran - Winner!

Build Orders:  

Get SALT Encoding   

  12  0:01  SCV  
  13  0:15  SCV  
  13  0:18  Supply Depot  
  14  0:28  SCV  
  15  0:30  Refinery  
  15  0:40  SCV  
  16  0:51  Barracks  
  16  0:53  SCV  
  17  1:06  SCV  
  17  1:09  Barracks  
  18  1:18  SCV  
  19  1:26  Barracks  
  19  1:38  Reaper  
  20  1:42  Orbital Command  
  20  1:53  Supply Depot  
  20  1:56  Reaper  
  20  2:00  Refinery  
  21  2:10  Reaper  
  21  2:13  SCV  
  21  2:15  Reaper  
  24  2:28  Reaper  
  25  2:31  Supply Depot, SCV  
  26  2:43  SCV  
  27  2:45  Reaper  
  27  2:49  Reaper  
  29  2:55  SCV  
  30  3:10  Reaper  
  31  3:16  Command Center  
  31  3:19  Reaper  
  32  3:20  SCV  
  32  3:26  Reaper  
  34  3:33  Supply Depot  
  33  3:40  SCV  
Show
View Real Time Build Order
Export as new Build Order

SHIVERED Terran 

Build Orders: Cyclone Opening 

Get SALT Encoding   

  12  0:01  SCV  
  13  0:13  SCV  
  14  0:18  Supply Depot  
  14  0:25  SCV  
  15  0:28  Refinery  
  15  0:39  SCV  
  16  0:46  Barracks  
  16  0:51  SCV  
  17  1:04  SCV  
  18  1:16  SCV  
  19  1:28  SCV  
  21  1:32  Reaper  
  21  1:40  Orbital Command  
  21  1:51  Command Center  
  21  2:01  Factory  
  21  2:05  SCV  
  22  2:11  Supply Depot  
  22  2:14  Barracks Reactor  
  22  2:18  SCV  
  23  2:30  Refinery  
  23  2:33  SCV  
  23  2:44  Cyclone  
  23  2:49  SCV  
  23  2:51  Marine x2  
  29  3:05  SCV, Orbital Command  
  30  3:09  Marine x2  
  31  3:17  Cyclone  
  32  3:21  SCV  
  33  3:30  Marine x2  
  25  3:51  SCV  
Show
View Real Time Build Order
Export as new Build Order

Green Protoss 

Build Orders:  

Get SALT Encoding   

  12  0:01  Probe  
  13  0:14  Probe  
  14  0:18  Pylon  
  14  0:26  Probe  
  15  0:37  Probe  
  15  0:42  Gateway  
  16  0:45  Probe  
  17  0:53  Probe  
  17  1:03  Forge  
  18  1:04  Probe  
  19  1:11  Assimilator  
  19  1:16  Probe  
  20  1:22  Pylon  
  20  1:29  Probe  
  21  1:39  Pylon  
  21  1:45  Cybernetics Core  
  21  1:51  Probe  
  22  2:06  Nexus  
  22  2:21  Adept  
  22  2:22  Photon Cannon  
  22  2:27  Probe  
  25  2:34  Assimilator  
  25  2:39  Probe  
  25  2:41  Adept  
  28  2:51  Probe  
  28  2:56  Pylon  
  29  3:07  Shield Battery  
  29  3:38  Adept  
  29  3:39  Probe  
  32  3:44  Gateway  
  32  3:45  Probe  
  32  3:46  Gateway  
  32  3:48  Gateway  
  32  3:51  Probe  
  32  3:53  Probe  
  32  3:55  Twilight Council  
Tags
 
Add a new tag
Caveats
  • Supply blocks, unpowered buildings, or Contaminate may cause inaccurate times.
  • Supply counts are checked every 10 seconds.